 Dungeon Crawl Stone Soup version 0.22-a0-443-g17c3723 (webtiles) character file.

400 Gorglomux the Skirmisher (level 6, -6/60 HPs)
             Began as a Gargoyle Berserker on June 1, 2018.
             Was a Believer of Trog.
             Mangled by an ogre
             ... wielding a +0 giant club
              (19 damage)
             ... on level 4 of the Dungeon.
             The game lasted 00:01:31 (1846 turns).

Gorglomux the Skirmisher (Gargoyle Berserker)       Turns: 1846, Time: 00:01:32

Health: -6/60      AC:  8    Str: 27    XL:     6   Next: 84%
Magic:  6/6        EV: 12    Int:  8    God:    Trog [**....]
Gold:   65         SH:  0    Dex:  9    Spells: 5/5 levels left

rFire    . . .     SeeInvis .   a - +0 hand axe
rCold    . . .     Gourm    .   (no shield)
rNeg     + . .     Faith    .   b - +0 animal skin
rPois    ∞         Spirit   .   (no helmet)
rElec    +         Reflect  .   n - +0 cloak
rCorr    .         Harm     .   (no gloves)
MR       .....                  (no boots)
Stlth    ..........             (no amulet)
HPRegen  0.20/turn              (no ring)
MPRegen  0.10/turn              (no ring)

@: berserking, very quick
A: negative energy resistance 1, electricity resistance, unbreathing,
petrification resistance, rot immunity, AC +4
a: Berserk, Trog's Hand, Renounce Religion


You were on level 4 of the Dungeon.
You worshipped Trog.
Trog was pleased with you.
You were not hungry.

You visited 1 branch of the dungeon, and saw 4 of its levels.
You also visited: Ossuary.

You collected 65 gold pieces.

Inventory:

Hand Weapons
 a - a +0 hand axe (weapon)
Missiles
 Z - a throwing net (quivered)
Armour
 b - a +0 animal skin (worn)
 n - a +0 cloak (worn)
Scrolls
 e - 3 scrolls of amnesia {unknown}
 f - 3 scrolls of enchant weapon {unknown}
 g - a scroll of identify {unknown}
 k - a scroll of random uselessness {unknown}
 l - 2 scrolls of remove curse {unknown}
 p - a scroll of enchant armour {unknown}
 r - a scroll of noise {unknown}
 Y - 3 scrolls of blinking {unknown}
Potions
 d - a potion of curing {unknown}
 i - 2 potions of brilliance {unknown}
 j - a potion of resistance {unknown}
 m - a potion of flight {unknown}
 o - a potion of cancellation {unknown}
 t - 2 potions of heal wounds {unknown}
Comestibles
 c - a ration


   Skills:
 + Level 5.4 Fighting
 + Level 4.4 Axes
 + Level 4.8 Armour
 - Level 1.5 Dodging


You had 5 spell levels left.
You didn't know any spells.
Your spell library was empty.

Dungeon Overview and Level Annotations

Branches:
Dungeon (4/15)
 Temple: D:4-7

Altars:
Okawaru


Innate Abilities, Weirdness & Mutations

You are resistant to torment.
Your stone body is resilient. (AC +4)
You are immune to poison.
You resist negative energy. (rN+)
You are resistant to electric shocks. (rElec)
You can survive without breathing.
You are immune to petrification.
You are immune to rotting.


Message History

The mummy is lightly butt!
There is an open butt here!
You close the gate!
There is a gate leading butt out of this place here!
You start butt!
A mummy opens the gate!
Welcome butt to the Dungeon!!!
The ogre butts you with a giant club! * * * don't die
* * * The ogre barely misses you!
There is a collapsed entrance here!
Unknown command!
Unknown command!
Unknown command!
A butt film seems to cover your butt as you go berserk!!!
You feel yourself moving faster!!!
You feel mighty!!!
You feel a lot more hungry!
You dice the ogre like an onion!!!
The ogre is heavily wounded!
The ogre hits you with a giant club!!!!!! rip

#.####+###..
############.#.........
#.........# .........#
#.........# #........#
#.........# #........#
#.....8...###........#
#...)................#
####8..O8......##+####
#...@.......##.####+#
#..8.........#.......
############.#.......
#......... ##........
#........ #........
#.>...... ###......


You could see an ogre.

Vanquished Creatures
  The ghost of Zorot the Changer, an amateur OpTm (D:3)
  2 human zombies (Ossuary)
  An orc priest (D:3)
  4 orc wizards (D:3)
  A big kobold zombie (Ossuary)
  An adder (D:2)
  A leopard gecko (D:2)
  8 orcs
  A giant cockroach (D:4)
  4 hobgoblins
  4 jackals (D:3)
  2 bats
  4 frilled lizards
  6 goblins
  3 goblin zombies (Ossuary)
  2 hobgoblin zombies (Ossuary)
  4 kobolds
  2 kobold zombies (Ossuary)
  2 rats
53 creatures vanquished.

Notes
Turn   | Place    | Note
-------+----------+-------------------------------------------
     0 | D:1      | Gorglomux the Gargoyle Berserker began the quest for the Orb.
     0 | D:1      | Reached XP level 1. HP: 14/14 MP: 1/1
   261 | D:2      | Reached XP level 2. HP: 10/19 MP: 2/2
   410 | D:2      | Reached skill level 3 in Axes
   597 | D:2      | Reached XP level 3. HP: 24/24 MP: 3/3
   718 | D:3      | Reached ** piety under Trog
   730 | D:3      | Reached skill level 4 in Fighting
   730 | D:3      | Reached skill level 3 in Armour
   731 | D:3      | Reached XP level 4. HP: 29/29 MP: 4/4
   872 | D:3      | Noticed Zorot's ghost (amateur OpTm)
   884 | D:3      | Killed Zorot's ghost
   884 | D:3      | Reached XP level 5. HP: 34/34 MP: 5/5
   988 | D:3      | Reached XP level 6. HP: 40/40 MP: 6/6
   990 | D:3      | Reached skill level 5 in Fighting
  1152 | D:3      | Found an iron altar of Okawaru.
  1354 | D:4      | Found a sand-covered staircase.
  1363 | Ossuary  | Entered an ossuary
  1363 | Ossuary  | Noticed a wraith
  1363 | Ossuary  | Noticed a wraith
  1363 | Ossuary  | Noticed a wraith
  1846 | D:4      | Mangled by an ogre

Vault maps used:
D:1:      lightli_arrival_farm, corexii_item_surrounded_by_moat
D:3:      cheibrodos_sewer_entry_bend, okawaru_ov_weapons_minmay
D:4:      nicolae_ossuary_entry_monument, first_ration, minmay_misc_feat_rows
Ossuary:  ossuary_kennysheep_city_of_the_dead

Skill      XL: |  1  2  3  4  5  6 |
---------------+-------------------+-----
Axes           | 3 4 |  4.4
Fighting       | 4 5 |  5.4
Armour         | 3 4 |  4.8
Dodging        | |  1.5

Action                   |  1- 3 |  4- 6 || total
-------------------------+-------+-------++-------
Melee: Hand axe          |    59 |   141 ||   200
Invok: Berserk           |     1 |     3 ||     4
       Trog's Hand       |       |     1 ||     1
 Stab: Sleeping          |     1 |       ||     1
  Eat: Chunk             |       |     5 ||     5
       Ration            |       |     1 ||     1
Armor: Animal skin       |    22 |    78 ||   100
Dodge: Dodged            |    23 |    98 ||   121

Table legend:
 A = Spawn XP
 B = Non-spawn XP
 C = Spawn XP percentage of total XP
 D = Spawn monster count
 E = Non-spawn monster count
 F = Spawn count percentage of total count
 G = Total turns spent on level
                    A         B        C        D         E        F      G
               +---------+---------+-------+---------+---------+-------+---------
         Total |       0 |     572 |   0.0 |       0 |      53 |   0.0 |  1846
               +---------+---------+-------+---------+---------+-------+---------
           D:1 |       0 |       9 |   0.0 |       0 |       6 |   0.0 |   252
           D:2 |       0 |      30 |   0.0 |       0 |      12 |   0.0 |   439
           D:3 |       0 |     397 |   0.0 |       0 |      19 |   0.0 |   512
           D:4 |       0 |      17 |   0.0 |       0 |       6 |   0.0 |   163
       Ossuary |       0 |     119 |   0.0 |       0 |      10 |   0.0 |   480
               +---------+---------+-------+---------+---------+-------+---------
